Map: Mech Depot LE

Players

Namshar - Winner!

  • Race: Zerg Zerg
  • Spawn Location: 1:00

Ziggy

  • Race: Terran Terran
  • Spawn Location: 7:00

Event: WCS Montreal 2017

VOD

Have the link to the VOD?

Description

Time

  • Played on: Sept. 8, 2017, 7:18 p.m.
  • Length: 24:02

All games in this series

Show
View Real Time Build Order
Export as new Build Order

Namshar Zerg - Winner!

Build Orders: Hatch First 

Get SALT Encoding   

  12  0:01  Drone  
  13  0:12  Overlord  
  13  0:17  Drone  
  14  0:30  Drone x2  
  14  0:34  Drone  
  17  0:51  Hatchery  
  17  0:54  Drone  
  17  0:58  Drone  
  18  1:09  Extractor  
  17  1:13  Spawning Pool  
  17  1:16  Drone  
  17  1:19  Drone  
  18  1:27  Drone  
  19  1:38  Overlord  
  19  1:49  Drone  
  20  1:59  Queen  
  20  2:00  Zergling x2  
  23  2:03  Queen  
  23  2:04  Zergling x2  
  23  2:08  Metabolic Boost  
  26  2:10  Drone  
  26  2:14  Drone  
  28  2:21  Drone  
  29  2:27  Drone  
  30  2:33  Drone  
  31  2:43  Queen  
  32  2:49  Queen  
  34  2:52  Overlord  
  34  2:57  Evolution Chamber  
  33  2:59  Zergling x2  
  34  3:09  Drone  
  35  3:15  Zergling x12  
  35  3:19  Queen  
  43  3:34  Overlord x2  
  43  3:36  Zerg Ground Armor Level 1  
  43  3:39  Drone  
  43  3:52  Queen  
  43  3:55  Queen  
  47  3:57  Drone x6  
  53  4:03  Drone x2  
  53  4:08  Zergling x2  
  53  4:09  Zergling x4  
  58  4:10  Zergling x2  
  59  4:18  Overlord x2  
  59  4:36  Overlord  
  59  4:39  Drone  
  59  4:40  Queen, Drone, Evolution Chamber  
  59  4:41  Zergling x2  
  59  4:42  Zergling x4  
  65  4:50  Zergling x2  
  65  4:51  Zergling x2  
  66  5:08  Zergling x14  
  66  5:09  Zergling x2  
  73  5:20  Zergling x4  
  68  5:31  Zergling x2  
  68  5:32  Zergling x2  
  67  5:39  Hatchery  
  67  5:41  Zergling x2  
  67  5:49  Zergling x6  
  69  5:52  Zerg Melee Weapons Level 1, Lair  
  69  5:56  Queen  
  71  5:57  Extractor  
  71  5:58  Extractor  
  67  6:13  Zergling x8  
  67  6:16  Zergling x2  
  70  6:28  Zergling x14  
  74  6:36  Queen  
  74  6:39  Drone x2  
  78  6:52  Queen  
  79  6:56  Zergling x14  
  86  7:02  Zerg Ground Armor Level 2  
  86  7:05  Baneling Nest  
  83  7:10  Drone x3  
  83  7:11  Drone x2  
  83  7:12  Drone  
  83  7:14  Overlord  
  83  7:15  Overlord  
  89  7:31  Queen  
  86  7:47  Drone x11  
  86  7:50  Hydralisk Den, Zerg Missile Weapons Level 1  
  96  8:01  Overlord x3  
  96  8:04  Drone  
  97  8:09  Drone  
  97  8:10  Drone x3  
  101  8:22  Hatchery  
  99  8:35  Queen  
  99  8:39  Muscular Augments, Centrifical Hooks  
  101  8:43  Extractor, Drone x2  
  101  8:47  Drone x2  
  104  8:48  Extractor  
  104  8:49  Hydralisk x6  
  104  8:50  Hydralisk  
  117  9:00  Drone x2  
  117  9:01  Overlord x2  
  119  9:02  Extractor  
  119  9:04  Hydralisk x3  
  124  9:14  Drone  
  124  9:15  Hatchery  
  124  9:19  Hydralisk x2  
  124  9:20  Hydralisk  
  130  9:25  Baneling x2  
  130  9:26  Zergling x14  
  137  9:32  Baneling x3  
  137  9:41  Baneling x2  
  137  9:42  Zergling x2, Baneling x3  
  137  9:43  Zergling x16  
  145  9:52  Drone x7  
  152  9:53  Overlord  
  152  9:58  Zerg Melee Weapons Level 2  
  152  10:06  Overlord  
  152  10:07  Zerg Missile Weapons Level 2  
  152  10:15  Drone  
  152  10:16  Drone  
  152  10:18  Baneling x6  
  154  10:27  Hatchery, Hydralisk  
  154  10:28  Hydralisk x2  
  157  10:38  Overlord x4  
  157  10:41  Drone x4  
  157  10:42  Drone x2  
  163  10:45  Baneling x9  
  163  10:50  Hydralisk  
  163  10:51  Zergling x12  
  171  11:00  Drone  
  171  11:02  Infestation Pit  
  171  11:14  Pneumatized Carapace  
  171  11:15  Hatchery  
  171  11:18  Baneling x7  
  170  11:19  Zergling x22  
  177  11:42  Hydralisk x2  
  177  11:43  Zergling x16  
  177  11:44  Zergling x14  
  177  11:45  Hatchery  
  177  11:46  Baneling x10  
  188  11:54  Drone x3  
  174  12:11  Overseer  
  174  12:12  Overseer  
  158  12:16  Baneling x5  
  158  12:17  Overseer  
  158  12:18  Hive  
  158  12:21  Drone x4  
  158  12:22  Drone, Zergling x2  
  164  12:23  Zergling x18  
  173  12:34  Hydralisk  
  173  12:35  Zergling x10  
  180  12:38  Hydralisk  
  181  12:46  Drone  
  181  12:47  Drone  
  183  12:53  Hydralisk x3  
  183  12:54  Zergling x8  
  188  13:04  Overseer x2  
  172  13:07  Drone  
  172  13:08  Drone x4  
  172  13:11  Zergling x2, Hydralisk x2  
  172  13:12  Zergling x20  
  192  13:13  Baneling x4  
  192  13:14  Baneling  
  185  13:32  Zergling x14  
  185  13:33  Zergling x14  
  195  13:36  Adrenal Glands, Zerg Melee Weapons Level 3  
  195  13:47  Extractor, Drone x3  
  195  13:48  Extractor, Drone x3  
  181  13:51  Extractor  
  181  13:54  Drone  
  181  13:55  Extractor, Drone x2  
  181  14:01  Zerg Ground Armor Level 3  
  181  14:05  Drone x3  
  184  14:12  Baneling x9  
  184  14:13  Zergling x30  
  193  14:34  Viper x2  
  193  14:45  Queen  
  193  14:47  Drone x4  
  193  14:48  Drone  
  195  14:55  Queen  
  195  14:57  Drone x2  
  195  14:59  Drone x3  
  182  15:01  Viper x3  
  182  15:02  Ultralisk Cavern  
  185  15:09  Baneling x3  
  185  15:10  Zergling x18, Baneling x4  
  185  15:11  Zergling x12  
  196  15:33  Viper  
  199  15:44  Spore Crawler  
  198  15:59  Evolution Chamber x2  
  198  16:02  Evolution Chamber  
  195  16:04  Evolution Chamber x2  
  195  16:06  Evolution Chamber  
  195  16:07  Hydralisk  
  195  16:08  Zergling x2  
  195  16:09  Zergling x6  
  195  16:10  Chitinous Plating, Baneling  
  195  16:11  Baneling x5  
  200  16:13  Zerg Missile Weapons Level 3  
  200  16:27  Hatchery  
  153  16:40  Hydralisk x4  
  153  16:41  Zergling x6, Hydralisk x3  
  153  16:42  Zergling x16  
  175  17:10  Baneling x12  
  175  17:11  Hydralisk x3, Baneling x8  
  175  17:12  Zergling x36  
  199  17:34  Overseer  
  199  17:37  Spire  
  199  17:38  Drone  
  199  17:39  Drone, Spire  
  199  17:41  Baneling x4  
  199  17:42  Baneling x6  
  192  17:56  Hydralisk  
  192  17:57  Zergling x2, Hydralisk  
  192  17:58  Zergling x10  
  183  18:16  Hydralisk x4  
  183  18:17  Zergling x28  
  188  18:52  Zergling x8  
  188  18:53  Zergling x14  
  199  18:58  Zerg Flyer Armor Level 1, Greater Spire  
  191  19:12  Baneling x7  
  191  19:13  Baneling x15  
  170  19:51  Hydralisk  
  170  19:52  Zergling x14  
  178  19:53  Zergling x6  
  170  20:00  Hydralisk  
  170  20:01  Zergling x38  
  187  20:08  Overlord x3  
  187  20:09  Overlord  
  178  20:20  Overlord x2  
  178  20:21  Overlord x2  
  178  20:23  Zerg Flyer Weapons Level 1  
  172  20:36  Drone x5  
  172  20:37  Drone x2  
  179  20:59  Overseer x2  
  179  21:00  Overseer  
  179  21:02  Baneling x19  
  179  21:03  Hatchery, Baneling x22  
  178  21:05  Ultralisk x3  
  178  21:08  Burrow  
  178  21:09  Pathogen Glands  
  196  21:24  Hatchery  
  195  21:32  Overseer x2  
  195  21:33  Overseer  
  193  21:48  Extractor  
  168  22:40  Ultralisk x2  
  168  22:41  Ultralisk x2  
  168  22:42  Infestor x4  
  168  22:43  Infestor  
  199  23:17  Zergling x2  
Show
View Real Time Build Order
Export as new Build Order

Ziggy Terran 

Build Orders: MMM Bio 

Get SALT Encoding   

  12  0:00  SCV  
  13  0:13  SCV  
  14  0:18  Supply Depot  
  14  0:25  SCV  
  15  0:40  SCV  
  15  0:41  Barracks  
  16  0:44  Refinery  
  16  0:52  SCV  
  17  0:59  Barracks  
  17  1:04  SCV  
  18  1:16  SCV  
  19  1:28  Orbital Command, Reaper  
  20  1:36  Barracks  
  20  1:43  Refinery  
  20  1:46  Reaper  
  21  1:53  Supply Depot  
  21  1:57  SCV  
  22  2:05  Reaper  
  23  2:15  SCV  
  24  2:18  Reaper  
  25  2:25  Reaper  
  25  2:27  SCV  
  27  2:37  Reaper  
  27  2:39  SCV  
  29  2:50  Command Center, Reaper  
  30  2:54  Supply Depot  
  30  2:57  Reaper  
  31  3:16  SCV, Reaper  
  33  3:22  Reaper  
  34  3:28  SCV  
  34  3:29  Reaper  
  36  3:38  Command Center  
  36  3:40  SCV  
  37  3:48  Reaper  
  38  3:52  SCV  
  39  4:01  Orbital Command, Reaper x2  
  41  4:04  SCV  
  41  4:09  Factory  
  42  4:16  SCV  
  43  4:22  Refinery  
  43  4:26  Barracks Tech Lab  
  43  4:28  SCV  
  43  4:33  SCV  
  43  4:34  Supply Depot  
  43  4:38  Barracks Reactor x2  
  44  4:41  SCV  
  45  4:45  SCV  
  46  4:53  SCV  
  46  4:56  Marine  
  46  4:57  Orbital Command  
  46  4:58  Factory Reactor  
  48  5:02  Stimpack  
  48  5:03  SCV  
  49  5:21  Marine x2  
  49  5:22  Marine x2  
  49  5:23  SCV x2  
  55  5:31  SCV  
  56  5:36  Marine  
  56  5:39  Marine x2  
  56  5:40  Hellion x2  
  63  5:47  SCV x2  
  65  5:50  Starport  
  65  5:51  Engineering Bay x2  
  65  5:52  Marine  
  65  5:53  SCV  
  67  5:59  SCV  
  68  6:05  Marine x2  
  68  6:07  Marine x2  
  68  6:10  Marine  
  73  6:13  SCV x3  
  76  6:22  Marine x2  
  76  6:25  Marine, SCV  
  80  6:29  Marine x2  
  81  6:35  Terran Infantry Weapons Level 1  
  81  6:36  Terran Infantry Armor Level 1  
  81  6:40  Marine x2  
  81  6:42  Barracks, SCV x2  
  81  6:43  Barracks  
  81  6:46  Supply Depot, Refinery  
  81  6:47  Supply Depot, Marine x2  
  85  6:53  Marine  
  88  6:55  Orbital Command  
  88  6:58  Marine x2  
  90  7:05  Marine x2  
  92  7:10  SCV  
  92  7:13  Factory Reactor  
  91  7:16  Marine x3  
  91  7:18  Barracks  
  91  7:19  SCV  
  91  7:20  Barracks  
  91  7:22  Supply Depot, Armory  
  95  7:23  Combat Shields  
  89  7:37  Marine x4  
  89  7:38  Marauder  
  89  7:42  Supply Depot  
  89  7:43  Supply Depot  
  91  7:44  SCV x3  
  91  7:45  Supply Depot  
  91  7:48  Medivac  
  91  7:51  Medivac  
  98  7:55  Marine  
  98  7:57  Marine x2, Barracks Tech Lab x2  
  101  8:00  SCV x3  
  104  8:05  Widow Mine  
  104  8:06  Widow Mine  
  104  8:07  Marine x2  
  104  8:09  Barracks Reactor x2  
  104  8:12  SCV x2  
  111  8:14  SCV  
  111  8:18  Supply Depot, Medivac  
  111  8:19  Supply Depot  
  115  8:21  Medivac  
  115  8:24  SCV  
  115  8:25  Supply Depot, SCV  
  115  8:26  SCV  
  120  8:27  Marine x4  
  127  8:36  Widow Mine x2, Marauder x3  
  127  8:39  Terran Infantry Weapons Level 2  
  134  8:41  SCV x2  
  134  8:42  SCV  
  134  8:45  Marine x2, Refinery  
  134  8:46  Refinery  
  139  8:50  Marine  
  139  8:51  Marine x2, Terran Infantry Armor Level 2  
  142  8:56  Missile Turret  
  142  8:57  Marauder  
  142  8:59  Missile Turret  
  144  9:06  Widow Mine x2  
  144  9:09  Medivac, Marine x3  
  152  9:10  Marine x3  
  152  9:13  Marine  
  152  9:14  Supply Depot  
  157  9:18  Supply Depot  
  157  9:19  Marine x2  
  159  9:26  Marauder x2  
  163  9:36  Widow Mine x2  
  163  9:38  Factory, Marine x4, Marauder  
  173  9:50  Marine x2, Marauder  
  168  9:58  Marine x5, Marauder  
  168  9:59  Marauder  
  177  10:12  Marauder  
  177  10:14  Command Center  
  179  10:15  Factory Tech Lab  
  179  10:34  Marauder  
  181  10:38  Marine x4  
  181  10:39  Marauder x2  
  189  10:44  Supply Depot  
  189  10:45  Supply Depot  
  189  10:47  Starport, Sensor Tower, Supply Depot  
  189  10:48  Starport  
  189  10:49  Starport  
  189  11:00  Marine x4, Marauder x2  
  197  11:06  Marine  
  197  11:11  Terran Infantry Armor Level 3, Terran Infantry Weapons Level 3  
  198  11:21  Liberator x3  
  198  11:22  Liberator  
  188  11:33  Siege Tank  
  188  11:34  Factory Tech Lab  
  199  11:50  Starport Tech Lab  
  199  11:54  Liberator  
  197  12:04  Liberator  
  185  12:09  Siege Tank x2  
  170  12:16  Liberator  
  170  12:21  Medivac, Refinery  
  170  12:22  Orbital Command, Command Center  
  175  12:23  Marine, Refinery  
  175  12:24  Marauder  
  175  12:29  Marine  
  178  12:30  Marauder  
  180  12:47  Siege Tank  
  180  12:48  Siege Tank  
  180  12:50  Marine, Marauder  
  180  12:51  Marauder  
  191  12:52  Marine x2  
  191  12:53  Marine x4  
  191  12:57  Command Center  
  197  12:59  Liberator x2  
  197  13:00  Marine x2  
  197  13:04  Medivac  
  161  13:08  Marine  
  161  13:12  Marauder  
  170  13:24  Marine  
  170  13:25  Marauder  
  170  13:27  Marine x3, Marauder  
  167  13:28  Marine  
  168  13:37  Siege Tank  
  169  13:47  Marine x5  
  169  13:48  Marine x4  
  167  13:52  Liberator x3  
  167  13:55  Ghost Academy  
  167  14:05  Marine, Marauder  
  179  14:20  Fusion Core  
  179  14:23  Planetary Fortress  
  179  14:24  Ghost x2  
  179  14:25  Marine  
  184  14:37  Medivac x2  
  188  14:39  Marine x3  
  188  14:40  Marauder  
  193  14:52  Ghost x2  
  194  15:00  Medivac x2  
  194  15:02  Refinery  
  194  15:06  Refinery  
  188  15:16  Siege Tank  
  191  15:23  Marine x2  
  191  15:25  Liberator  
  190  15:33  Siege Tank  
  193  15:36  Ghost  
  198  15:51  Starport Reactor x2, Advanced Ballistics  
  198  16:14  Marine  
  198  16:16  Marine  
  200  16:24  Unknown x2  
  200  16:25  Unknown x9  
  200  16:26  Unknown x5  
  200  16:30  Unknown x2  
  200  16:31  Marine, Marauder  
  200  16:32  Liberator x2  
  197  16:33  Liberator x2  
  197  16:39  Siege Tank x2  
  134  16:41  Marine x2  
  134  16:42  Marine x2, Marauder  
  123  16:50  Marine x2  
  123  16:51  Marine x3  
  123  16:52  Marine  
  129  16:59  Marine x4  
  133  17:02  Liberator  
  133  17:03  Liberator, Marine  
  134  17:08  Marine x3  
  134  17:09  Marine x2  
  134  17:11  Marauder  
  141  17:17  Liberator, Marine x4  
  141  17:20  Sensor Tower  
  141  17:21  Marauder, Missile Turret, Planetary Fortress  
  153  17:23  Missile Turret  
  153  17:24  Missile Turret  
  153  17:26  Marine x4  
  153  17:27  Missile Turret x3, Marauder  
  153  17:29  Missile Turret  
  159  17:32  Marauder  
  159  17:35  Marine  
  159  17:36  Liberator x2  
  165  17:39  Marine x3  
  165  17:43  Marauder  
  170  17:48  Marauder  
  172  17:53  Marine x2  
  172  17:54  Marine x2, Marauder  
  172  17:55  Missile Turret  
  172  17:56  Missile Turret x2  
  172  17:57  Siege Tank  
  163  17:59  Missile Turret  
  158  18:08  Marine  
  158  18:09  Unknown x5, Marauder  
  145  18:22  Siege Tank  
  145  18:24  Medivac x2  
  152  18:29  Siege Tank  
  152  18:33  Orbital Command  
  155  18:39  Ghost x2  
  155  18:40  Ghost, Marine x2  
  160  18:54  Siege Tank  
  163  19:03  Liberator  
  163  19:04  Liberator  
  163  19:15  Supply Depot  
  163  19:23  Siege Tank  
  172  19:25  Marine x4, Marauder x3  
  172  19:26  Siege Tank, Marine x4  
  182  19:43  Marine x3  
  182  19:46  Marauder x2  
  182  19:48  Liberator  
  182  19:49  Liberator  
  175  19:55  Liberator x2  
  175  19:58  Marine x6  
  172  20:01  Siege Tank, Marine x3  
  172  20:02  Siege Tank  
  172  20:08  Marauder x2  
  173  20:16  Marine  
  173  20:17  Marauder  
  173  20:19  Marine x3  
  173  20:20  Marine x2  
  166  20:29  Marauder x2  
  166  20:32  Medivac  
  166  20:35  Orbital Command  
  165  20:38  Marauder  
  167  20:46  Medivac x2  
  167  20:47  Marine x2  
  173  20:50  Marauder  
  175  21:05  SCV x3  
  175  21:06  Liberator x2, Marine x3  
  181  21:17  SCV x2  
  183  21:23  Marine  
  190  21:36  Siege Tank  
  193  21:40  Siege Tank  
  186  22:00  Marine x7  
  186  22:01  Marine x3, Marauder  
  188  22:12  Viking  
  188  22:13  Viking  
  192  22:17  Marine  
  192  22:18  Marine x5  
  192  22:19  Refinery, Marauder  
  192  22:20  Refinery  
  151  22:39  Ghost  
  149  22:50  Liberator  
  149  22:53  Siege Tank  
  149  22:56  Marine  
  149  22:57  Marine x6  
  159  23:08  Marine x4  
  166  23:14  Marine x2  
  166  23:15  Viking  
  170  23:21  Marine  
  170  23:26  Ghost, Marauder  
  175  23:29  Marine x2  
  175  23:30  Marine  
  178  23:37  Unknown x2  
  178  23:39  Unknown x9  
  178  23:40  Unknown x9  
  178  23:42  Unknown x3  
Tags
 
Add a new tag
Caveats
  • Supply blocks, unpowered buildings, or Contaminate may cause inaccurate times.
  • Supply counts are checked every 10 seconds.